 Dungeon Crawl Stone Soup version 0.21.1-1-g345015f (webtiles) character file.

7030 equalderp2856 the Cleaver (level 10, -6/89 HPs)
             Began as a Minotaur Fighter on May 13, 2018.
             Shot themself with a bolt of negative energy (7 damage)
             ... on level 8 of the Dungeon.
             The game lasted 00:16:20 (8655 turns).

equalderp2856 the Cleaver (Minotaur Fighter)        Turns: 8655, Time: 00:16:20

Health: -6/89      AC: 16    Str: 22    XL:     10   Next: 82%
Magic:  9/9        EV:  7    Int:  6    God:
Gold:   388        SH: 11    Dex: 11    Spells: 9/9 levels left

rFire    . . .     SeeInvis .   a - +0 war axe
rCold    . . .     Gourm    .   c - +0 shield
rNeg     . . .     Faith    .   w - +0 plate armour
rPois    .         Spirit   .   l - +1 hat
rElec    .         Reflect  .   (no cloak)
rCorr    .         Harm     .   v - +0 pair of gloves
MR       +....                  (no boots)
Stlth    ..........             (no amulet)
HPRegen  0.24/turn              (no ring)
MPRegen  0.11/turn              (no ring)

@: lethally poisoned (-6 -> -11), berserk cooldown, drained
A: retaliatory headbutt, horns 2, low mp 1, magic resistance 1, mutation
resistance 1
a: no special abilities


You were on level 8 of the Dungeon.
You were very hungry.

You visited 2 branches of the dungeon, and saw 9 of its levels.

You collected 388 gold pieces.

Inventory:

Hand Weapons
 a - a +0 war axe (weapon)
Armour
 b - a +0 scale mail
 c - a +0 shield (worn)
 l - a +1 hat (worn)
 v - a +0 pair of gloves (worn)
 w - a +0 plate armour (worn)
Jewellery
 u - a -2 ring of dexterity
Wands
 p - a wand of random effects (11)
 s - a wand of enslavement (9)
 x - a wand of scattershot (3)
 y - a wand of digging (16)
 z - a wand of iceblast (4)
 D - a wand of flame (21)
Scrolls
 e - 6 scrolls of remove curse
 g - 2 scrolls of noise {unknown}
 h - 6 scrolls of identify
 i - 7 scrolls of enchant armour
 k - 2 scrolls of fear {unknown}
 m - 2 scrolls of enchant weapon {unknown}
 n - a scroll of fog {unknown}
 o - 2 scrolls of random uselessness {unknown}
 q - 5 scrolls of teleportation {unknown}
 r - 3 scrolls of amnesia {unknown}
Potions
 d - 2 potions of might
 t - a potion of haste
Comestibles
 f - 20 rations


   Skills:
 + Level 8.3(7.8) Fighting
 + Level 12.0(11.4) Axes
 + Level 9.5(8.9) Armour
 + Level 4.5(4.0) Dodging
 + Level 0.9(0.5) Stealth
 + Level 10.0(9.4) Shields
 + Level 1.7(1.3) Evocations


You had 9 spell levels left.
You didn't know any spells.

Dungeon Overview and Level Annotations

Branches:
Dungeon (8/15)             Temple (0/1) D:4            Lair (1/6) D:8

Altars:
Dithmenos
Fedhas
Makhleb
Qazlal
Sif Muna
Trog
Vehumet
Yredelemnul
The Shining One

Shops:
D:5 (

Annotations:
D:3 DingGoldman's ghost, novice DsGl


Innate Abilities, Weirdness & Mutations

You reflexively headbutt those who attack you in melee.
You have a pair of horns on your head.
Your magical capacity is low. (-10% MP)
You are resistant to hostile enchantments. (MR+)
You are somewhat resistant to further mutation.


Message History

Your magical effects are unravelling.
You feel magically purged.
You feel yourself speed up.
* * * LOW HITPOINT WARNING * * *
You feel sick.
Unknown command.
It was a potion of mutation.
You feel extremely strange.
You feel resistant to hostile enchantments.
You feel less energetic.
You feel genetically stable.
* * * LOW HITPOINT WARNING * * *
You feel sick.
Unknown command.
Okay, then.
Okay, then.
Evoke which item? (* to show all) (? for menu, Esc to quit)
Aiming: Random Effects
Press: ? - help, Shift-Dir - straight line, f - you That beam is likely to hit you.
Continue anyway?
The bolt of negative energy hits you!
You feel drained.
You die...

.###'####..###....###.##.#.......
..................# #.##.#.##.#.#
......##..#####>..# #.##.#.##....
##...###...## #...###.##.#.####.#
##.####.....###..........#.# #.#
.....#.......##.#.###.####.# #.#
.#####.......##[<.# #.####.# #.#
.# #.............## #......## #.#
.# #...........#@# ######..# #.#
.# #.....>.....#.# ##.# #..
.###..........##.# #.# ###
..............##.# #.#
.....#..(....#.†.# #.#####
.#####.......##### #...... .#
##.....## ####### .# ##...## .#
##.##


There were no monsters in sight!

Vanquished Creatures
  2 two-headed ogres (D:7)
  2 hornets (D:8)
  Grinder (D:3)
  2 hippogriffs
  A hungry ghost (D:8)
  3 wargs
  2 water moccasins
  3 ice beasts
  A black bear (D:7)
  4 sky beasts
  2 phantoms
  5 centaurs
  3 ogres
  2 big kobolds
  2 bullfrogs
  A wyvern zombie (D:7)
  2 scorpions (D:7)
  14 killer bees
  2 jellies (D:8)
  2 vampire bats (D:4)
  3 wights (D:7)
  A howler monkey (D:6)
  3 crimson imps
  A bullfrog zombie (D:8)
  2 orc priests
  6 hounds
  2 iguanas
  Ijyb (D:3)
  Jessica (D:3)
  8 worker ants
  8 orc wizards
  A hound zombie (D:7)
  A howler monkey zombie (D:8)
  7 gnolls
  8 adders
  3 shadow imps
  An ooze (D:3)
  An adder zombie (D:5)
  2 adder skeletons
  3 worms
  A dart slug (D:3)
  4 leopard geckos
  21 orcs
  14 bats
  4 giant cockroaches
  9 goblins
  8 hobgoblins
  12 jackals
  4 quokkas
  4 ball pythons
  5 frilled lizards
  A goblin skeleton (D:8)
  A goblin zombie (D:8)
  3 hobgoblin zombies (D:8)
  27 kobolds
  2 kobold zombies (D:8)
  An orc skeleton (D:8)
  2 orc zombies (D:8)
  A quokka skeleton (D:4)
  6 rats
  A spectral orc (D:6)
250 creatures vanquished.

Notes
Turn   | Place    | Note
-------+----------+-------------------------------------------
     0 | D:1      | equalderp2856 the Minotaur Fighter began the quest for the Orb.
     0 | D:1      | Reached XP level 1. HP: 19/19 MP: 0/0
    98 | D:1      | Reached XP level 2. HP: 27/27 MP: 1/1
   290 | D:1      | Reached XP level 3. HP: 33/33 MP: 2/2
   454 | D:1      | Reached skill level 3 in Axes
  1125 | D:2      | Reached XP level 4. HP: 40/40 MP: 3/3
  1625 | D:3      | Noticed DingGoldman's ghost (novice DsGl)
  1627 | D:3      | Noticed Jessica
  1628 | D:3      | Noticed Ijyb
  1966 | D:3      | Killed Ijyb
  1966 | D:3      | Reached skill level 1 in Dodging
  1966 | D:3      | Reached XP level 5. HP: 34/46 MP: 4/4
  2045 | D:3      | Noticed Grinder
  2055 | D:3      | Paralysed by Grinder for 2 turns
  2069 | D:3      | Paralysed by Grinder for 6 turns
  2078 | D:3      | Paralysed by Grinder for 6 turns
  2083 | D:3      | HP: 2/46 [Grinder (6)]
  2097 | D:3      | Paralysed by Grinder for 7 turns
  2109 | D:3      | Killed Grinder
  2109 | D:3      | Reached skill level 4 in Axes
  2109 | D:3      | Reached skill level 5 in Armour
  2109 | D:3      | Reached XP level 6. HP: 17/53 MP: 5/5
  2619 | D:3      | Killed Jessica
  2767 | D:4      | Reached skill level 5 in Axes
  2767 | D:4      | Reached skill level 5 in Shields
  2798 | D:4      | Reached skill level 1 in Evocations
  3040 | D:4      | Reached XP level 7. HP: 60/60 MP: 6/6
  3084 | D:4      | Reached skill level 5 in Fighting
  3084 | D:4      | Reached skill level 6 in Axes
  3249 | D:4      | Found a shadowy altar of Dithmenos.
  3406 | D:4      | Found a staircase to the Ecumenical Temple.
  3537 | D:5      | Entered Level 5 of the Dungeon
  3558 | D:5      | Found a stormy altar of Qazlal.
  3560 | D:5      | Found a deep blue altar of Sif Muna.
  3560 | D:5      | Found a bloodstained altar of Trog.
  3561 | D:5      | Found a radiant altar of Vehumet.
  3562 | D:5      | Found a burning altar of Makhleb.
  3562 | D:5      | Found a blossoming altar of Fedhas.
  3610 | D:5      | Found Tetemeo's Antique Weapon Shop.
  3683 | D:5      | Reached skill level 7 in Axes
  3683 | D:5      | Reached XP level 8. HP: 46/68 MP: 7/7
  4393 | D:6      | Reached skill level 8 in Axes
  4536 | D:6      | Found a basalt altar of Yredelemnul.
  4908 | D:7      | Noticed a hippogriff
  4918 | D:7      | Killed a hippogriff
  4918 | D:7      | Reached XP level 9. HP: 71/78 MP: 8/8
  4990 | D:7      | Reached skill level 9 in Axes
  5058 | D:7      | Noticed a two-headed ogre
  5094 | D:7      | Killed a two-headed ogre
  5183 | D:7      | You fall through a shaft!
  5219 | D:8      | Reached skill level 10 in Axes
  5259 | D:8      | Found a glowing golden altar of the Shining One.
  5297 | D:8      | Found a staircase to the Lair.
  5311 | D:8      | Noticed a two-headed ogre
  5946 | D:7      | Reached XP level 10. HP: 52/86 MP: 10/10
  6073 | D:7      | Found a blossoming altar of Fedhas.
  6322 | D:8      | Reached skill level 11 in Axes
  6983 | D:7      | Killed a two-headed ogre
  7604 | D:8      | Found a radiant altar of Vehumet.
  7661 | D:8      | Paralysed by a hornet for 3 turns
  8219 | Lair:1   | Entered Level 1 of the Lair of Beasts
  8294 | D:8      | Reached skill level 12 in Axes
  8646 | D:8      | HP: 6/133 [poisoned by a killer bee]
  8648 | D:8      | Reached skill level 10 in Shields
  8651 | D:8      | HP: 4/133 [poisoned by a killer bee]
  8654 | D:8      | Gained mutation: You are resistant to hostile enchantments. (MR+) [potion of mutation]
  8654 | D:8      | Gained mutation: Your magical capacity is low. (-10% MP) [potion of mutation]
  8654 | D:8      | Gained mutation: You are somewhat resistant to further mutation. [potion of mutation]
  8654 | D:8      | HP: 1/89 [poisoned by a killer bee]
  8655 | D:8      | Shot themself with a bolt of negative energy

Skill      XL: |  1  2  3  4  5  6  7  8  9 10 |
---------------+-------------------------------+-----
Fighting       | 4 5 6 7 8 |  8.3
Armour         | 4 5 6 7 8 9 |  9.5
Shields        | 4 5 7 8 10 | 10.0
Axes           | 3 4 5 7 8 10 12 | 12.0
Dodging        | 1 2 4 |  4.5
Evocations     | 1 |  1.7
Stealth        | |  0.9

Action                   |  1- 3 |  4- 6 |  7- 9 | 10-12 || total
-------------------------+-------+-------+-------+-------++-------
Melee: War axe           |   124 |   136 |   357 |   250 ||   867
       Headbutt          |    15 |    28 |    62 |    54 ||   159
Evoke: Wand              |       |    13 |     3 |     3 ||    19
  Use: Potion            |       |     3 |       |     3 ||     6
       Scroll            |       |       |     3 |       ||     3
  Eat: Chunk             |       |     3 |     7 |     7 ||    17
       Ration            |       |     1 |     1 |     1 ||     3
Armor: Scale mail        |    66 |    49 |    56 |       ||   171
       Skin              |       |     6 |       |       ||     6
       Plate armour      |       |       |    92 |   164 ||   256
Dodge: Dodged            |    46 |    41 |   109 |    94 ||   290
Block: Shield            |    68 |    76 |   224 |   197 ||   565
